 Dungeon Crawl Stone Soup version 0.26-a0-1191-ge2a0e31ab3 (webtiles) character file.

Game seed: 6065349490619450316

95 Azzok the Shield-Bearer (level 4, 0/52 HPs)
             Began as a Demonspawn Fighter on Dec 28, 2020.
             Succumbed to a gnoll's poison
             ... on level 2 of the Dungeon.
             The game lasted 00:02:32 (1213 turns).

Azzok the Shield-Bearer (Demonspawn Fighter)        Turns: 1213, Time: 00:02:33

Health: 0/52       AC: 22    Str: 17    XL:     4   Next: 39%
Magic:  4/4        EV:  2    Int: 10    God:
Gold:   28         SH:  9    Dex: 12    Spells: 3/3 levels left

rFire    . . .     SeeInvis .   a - +0 war axe
rCold    . . .     Faith    .   c - +0 kite shield
rNeg     + + +     Spirit   .   (armour currently unavailable)
rPois    +         Reflect  .   (helmet currently unavailable)
rElec    .         Harm     .   (cloak currently unavailable)
rCorr    .         Rampage  .   (gloves currently unavailable)
Will     .....     NoTele   +   (boots currently unavailable)
Stlth    +.........             e - amulet of regeneration
HPRegen  0.57/turn              (no ring)
MPRegen  0.09/turn              (no ring)

@: lethally poisoned (0 -> -16), tree-form, attractive
A: no striking features
a: no special abilities


You were on level 2 of the Dungeon.
You were a tree.
You visited 1 branch of the dungeon, and saw 2 of its levels.

You collected 28 gold pieces.

Inventory:

Hand Weapons
 a - a +0 war axe (weapon)
Missiles
 k - 6 atropa-tipped darts (quivered)
Armour
 c - a +0 kite shield (worn)
 h - a +0 plate armour (melded)
Jewellery
 e - an amulet of regeneration (around neck)
Scrolls
 b - a scroll of immolation {unknown}
 f - a scroll of fear {unknown}
 i - a scroll of magic mapping {unknown}
 j - a scroll of identify {unknown}
Potions
 d - a potion of might


   Skills:
 - Level 3.0 Fighting
 + Level 3.2 Axes
 - Level 2.6 Armour
 + Level 3.8 Shields


You had 3 spell levels left.
You didn't know any spells.
Your spell library was empty.

Dungeon Overview and Level Annotations

Branches:
Dungeon (2/15)

Altars:


Innate Abilities, Weirdness & Mutations

((You are partially covered in iridescent scales. (AC +2)))


Message History

You kill the gnoll!
* * * LOW HITPOINT WARNING * * *
You feel very sick.
It was a potion of attraction.
You feel attractive to monsters.
* * * LOW HITPOINT WARNING * * *
You feel very sick.
It was a potion of lignification.
You turn into a tree.
Your +0 plate armour melds into your body.
Your roots penetrate the ground.
* * * LOW HITPOINT WARNING * * *
You feel very sick.
There is a lethal amount of poison in your body!
There is a lethal amount of poison in your body!
There is a lethal amount of poison in your body!
There is a lethal amount of poison in your body!
Okay, then.
* * * LOW HITPOINT WARNING * * *
You feel very sick.
You die...

▒▒▒▒▒▒▒▒▒▒▒
▒···ggr···▒
▒·▒▒▒▒▒▒▒·▒▒▒▒▒▒▒▒▒▒
▒·▒ ▒·▒···g·g··▒ ▒r▒
▒·▒·▒▒▒▒▒▒·▒ ▒▒g▒
▒g▒r▒··▒·▒·▒ ·>·▒
▒·▒·▒····▒g▒
▒▒g▒▒▒▒▒▒▒g▒·▒▒)▒·▒·▒
▒▒·······▒·▒···[♣<▒g▒
·'·······▒·▒▒▒▒▒▒▒▒·▒
▒▒·······▒···g··g···▒
▒·······▒▒▒▒▒▒▒▒▒▒▒▒
▒▒▒▒▒▒▒▒▒


There were no monsters in sight!

Vanquished Creatures
  2 gnolls
  3 adders
  4 dart slugs
  2 leopard geckos
  A ball python (D:1)
  4 bats (D:1)
  2 giant cockroaches
  3 goblins (D:2)
  4 hobgoblins (D:1)
  2 jackals (D:2)
  8 kobolds
  3 frilled lizards
  2 rats (D:1)
40 creatures vanquished.

Notes
Turn   | Place    | Note
-------+----------+-------------------------------------------
     0 | D:1      | Azzok the Demonspawn Fighter began the quest for the Orb.
     0 | D:1      | Reached XP level 1. HP: 18/18 MP: 1/1
   148 | D:1      | Gained mutation: You are partially covered in iridescent
                  | scales. (AC +2) [demonic ancestry]
   148 | D:1      | Reached XP level 2. HP: 24/24 MP: 2/2
   733 | D:2      | Reached XP level 3. HP: 29/29 MP: 3/3
  1180 | D:1      | Reached XP level 4. HP: 35/35 MP: 4/4
  1212 | D:2      | HP: 1/52 [poisoned by a gnoll]
  1213 | D:2      | Succumbed to a gnoll's poison

Illustrated notes

Levels and vault maps discovered:
D:1:      lightli_arrival_windingriver, layout_loops_ring, hex_large
D:2:      layout_basic, nicolae_overflow_crystal_walls

Skill      XL: |  1  2  3 |
---------------+----------+-----
Axes           | 2 3 |  3.2
Shields        | 3 |  3.8
Fighting       | |  3.0
Armour         | |  2.6

Action                   |  1- 3 |  4- 6 || total
-------------------------+-------+-------++-------
Melee: War axe           |   152 |    17 ||   169
  Use: Potion            |       |     2 ||     2
Armor: Scale mail        |    38 |       ||    38
       Plate armour      |    99 |     7 ||   106
Dodge: Dodged            |    30 |     1 ||    31
Block: Kite shield       |    95 |    11 ||   106

Table legend: (Time is in decaauts)
 A = Elapsed time spent in this place.
 B = Non-inter-level travel time spent in this place.
 C = Inter-level travel time spent in this place.
 D = Time resting spent in this place.
 E = Time spent auto-exploring this place.
 F = Levels seen in this place.
 G = Mean time per level.
                   A        B        C        D        E       F      G
               +--------+--------+--------+--------+--------+-----+--------+
         Total |   1293 |   1261 |     32 |      0 |    729 |   2 |  646.5 |
       Dungeon |   1293 |   1261 |     32 |      0 |    729 |   2 |  646.5 |
               +--------+--------+--------+--------+--------+-----+--------+

Top non-repeatable levels by time:
     D:1: 796 daAuts
     D:2: 496 daAuts
